 Dungeon Crawl Stone Soup version 0.29-a0-982-gaed3a0c8d8 (webtiles) character file.

Game seed: 14621266653446222094

6433 Turgor the Cleaver (level 10, -12/79 HPs)
             Began as a Demonspawn Gladiator on Aug 1, 2022.
             Was an Elder of Cheibriados.
             Mangled by Snorg (16 damage)
             ... on level 10 of the Dungeon.
             The game lasted 01:11:06 (13066 turns).

Turgor the Cleaver (Demonspawn Gladiator)          Turns: 13066, Time: 01:11:07

Health: -12/79     AC: 25    Str: 24    XL:     10   Next: 67%
Magic:  0/25       EV:  9    Int: 29    God:    Cheibriados [****..]
Gold:   529        SH:  0    Dex: 23    Spells: 4/17 levels left

rFire   . . .      SeeInvis +   a - +0 war axe
rCold   . . .      Faith    .   (no shield)
rNeg    + + +      Spirit   +   L - +3 plate armour
rPois   +          Reflect  .   (helmet restricted)
rElec   .          Harm     .   y - +0 cloak
rCorr   .          Rampage  .   J - +0 pair of gloves
Will    .....                   r - +0 pair of boots
Stlth   ..........              C - amulet of guardian spirit
HPRegen 0.23/turn               M - ring "Ulamitoh" {rPois rN+++ Will- Int+6 SInv}
MPRegen 0.19/turn               B - ring of magical power

@: mighty, sanguine armoured, very slow
A: antennae 2, powered by death 2, sanguine armour 1
a: Renounce Religion, Bend Time, Temporal Distortion, Slouch


You were on level 10 of the Dungeon.
You worshipped Cheibriados.
Cheibriados was greatly pleased with you.
You visited 2 branches of the dungeon, and saw 11 of its levels.

You collected 529 gold pieces.

Inventory:

Hand Weapons
 a - a +0 war axe (weapon)
 c - a +6 flail of freezing
 j - a +2 flail of protection
 s - a +6 vampiric whip
 x - a +0 shortbow
Missiles
 e - 7 javelins
 p - a curare-tipped dart
 D - 7 poisoned darts (quivered)
Armour
 r - a +0 pair of boots (worn)
 y - a +0 cloak (worn)
 J - a +0 pair of gloves (worn)
 L - a +3 plate armour (worn)
Jewellery
 B - a ring of magical power (right hand)
 C - an amulet of guardian spirit (around neck)
 M - the ring "Ulamitoh" (left hand) {rPois rN+++ Will- Int+6 SInv}
   (You took it off a wight on level 8 of the Dungeon)

   [ring of intelligence]

   Int:       It affects your intelligence (+6).
   rPois:     It protects you from poison.
   rN:        It renders you almost immune to negative energy.
   SInv:      It lets you see invisible.
   Will:      It decreases your willpower.
Wands
 A - a wand of polymorph (4)
 E - a wand of quicksilver (1)
Scrolls
 b - a scroll of poison {unknown}
 f - 2 scrolls of teleportation
 g - 2 scrolls of noise {unknown}
 h - 2 scrolls of butterflies {unknown}
 i - 2 scrolls of acquirement {unknown}
 l - 4 scrolls of amnesia
 m - 2 scrolls of immolation {unknown}
 o - 2 scrolls of fear {unknown}
 q - 3 scrolls of enchant weapon
 u - a scroll of silence {unknown}
 H - a scroll of enchant armour {unknown}
 K - a scroll of vulnerability {unknown}
Potions
 d - 4 potions of brilliance
 k - a potion of cancellation
 t - 4 potions of mutation
 v - a potion of flight
 w - a potion of attraction
 z - 3 potions of lignification
 G - a potion of resistance


   Skills:
 + Level 7.5 Fighting
 + Level 8.6 Axes
 - Level 3.0 Throwing
 + Level 6.3 Armour
 - Level 3.0 Dodging
 - Level 4.0 Spellcasting
 - Level 6.2 Necromancy
 - Level 3.5 Translocations
 + Level 1.7 Invocations


You had 4 spell levels left.
You knew the following spells:

 Your Spells              Type           Power      Damage    Failure   Level
a - Dispel Undead         Necr           41%        3d16      61%         4
b - Lesser Beckoning      Tloc           26%        N/A       56%         3
c - Passage of Golubria   Tloc           26%        N/A       93%         4
d - Wereblood             Tmut           5%         N/A       83%         2

Your spell library contained the following spells:

 Spells                   Type           Power      Damage    Failure   Level
 Gell's Gravitas          Tloc           26%        N/A       56%         3
 Teleport Other           Tloc           26%        N/A       56%         3
 Beastly Appendage        Tmut           10%        N/A       69%         1
 Freeze                   Ice            20%        1d4       69%         1
 Static Discharge         Conj/Air       5%         3-4/arc   83%         2
 Frozen Ramparts          Ice            10%        1d9       96%         3
 Ozocubu's Armour         Ice            5%         N/A       96%         3
 Spider Form              Tmut/Pois      5%         N/A       96%         3
 Hailstorm                Conj/Ice       5%         3d4       100%        4
 Sticky Flame             Conj/Fire      5%         2d3       100%        4
 Fireball                 Conj/Fire      2%         3d4       100%        5
 Lightning Bolt           Conj/Air       2%         1d14      100%        5
 Silence                  Hex/Air        2%         N/A       100%        5
 Starburst                Conj/Fire      2%         6d3       100%        6
 Ozocubu's Refrigeration  Ice            2%         4d8       100%        7
 Ignition                 Fire           2%         3d3       100%        8
 Lehudib's Crystal Spear  Conj/Erth      2%         10d2      100%        8
 Maxwell's Capacitive Co  Air            2%         ∞         100%        8


Dungeon Overview and Level Annotations

Branches:
Dungeon (10/15)            Temple (1/1) D:4            Lair (0/5) D:9
    Orc: D:9-12

Altars:
Ashenzari
Cheibriados
Dithmenos
Fedhas
Hepliaklqana
Kikubaaqudgha
Makhleb
Nemelex Xobeh
Okawaru
Qazlal
Ru
Sif Muna
Trog
Uskayaw
Vehumet
Wu Jian
Xom
Yredelemnul

Annotations:
D:10 Amaemon, Snorg


Innate Abilities, Weirdness & Mutations

You have a pair of antennae on your head.
You regenerate health from kills.
When seriously injured, your blood forms armour. (AC +6)


Message History

You hit Snorg.
Snorg is moderately wounded.
You slash the wyvern!
The wyvern bites you but does no damage.
Snorg bites you!!
* * * LOW HITPOINT WARNING * * *
Snorg barely misses you. Snorg claws you.
* * * LOW HITPOINT WARNING * * *
You feel much better.
The wyvern bites you but does no damage.
Snorg bites you but does no damage. Snorg claws you!
* * * LOW HITPOINT WARNING * * *
Snorg claws you but does no damage.
The wyvern bites you but does no damage.
Snorg bites you but does no damage. Snorg claws you but does no damage.
Snorg claws you.
* * * LOW HITPOINT WARNING * * *
You feel much better. The wyvern bites you! Snorg bites you!
* * * LOW HITPOINT WARNING * * *
Snorg claws you.
* * * LOW HITPOINT WARNING * * *
Snorg claws you but does no damage.
Unknown command.
Okay, then.
Really quaff the potion of lignification?
Okay, then.
You slash Snorg!
Snorg is moderately wounded.
You slash the wyvern! The wyvern barely misses you.
Snorg bites you but does no damage. Snorg claws you but does no damage. x2
The wyvern bites you.
* * * LOW HITPOINT WARNING * * *
Snorg bites you!
* * * LOW HITPOINT WARNING * * *
Snorg claws you. Snorg closely misses you.
You slice Snorg!!
Snorg is heavily wounded.
You hit the wyvern. The wyvern barely misses you.
Snorg bites you but does no damage. Snorg claws you!
You die...

.#
#......##..####
# #......##..#
#......##..#
#......##..#
#......##..#
#......##..#
#.##...##..# #.
#....l..#
#.##...@T..#
#.##..###..#
#.##..# ....
#.##..# ...#
#.##..# ..# #
#.##..# .#
#.######.##..#
#
#............#
#............#


You could see Snorg (berserk) and a wyvern.

Vanquished Creatures
  An ugly thing (D:9)
  A troll (D:9)
  A hornet (D:8)
  Grinder (D:3)
  Prince Ribbit (D:9)
  A vampire (D:8)
  Sigmund (D:6)
  A shadow (D:10)
  2 steam dragons
  2 wyverns (D:9)
  3 wargs (D:9)
  Menkaure (D:7)
  An acid dragon (D:9)
  A water moccasin (D:8)
  Duvessa (D:7)
  3 orc warriors
  A sky beast (D:6)
  A black bear (D:4)
  2 ogres
  A centaur (D:9)
  2 kobold brigands
  2 gnoll sergeants
  2 bullfrogs (D:9)
  A necrophage (D:5)
  4 scorpions
  6 wights
  Dowan (D:7)
  6 killer bees (D:9)
  2 howler monkeys
  6 hounds
  9 orc priests
  Crazy Yiuf (D:3)
  3 jellies
  Jessica (D:3)
  2 iguanas (D:6)
  11 orc wizards
  Natasha (thrice) (D:3)
  17 gnolls
  10 adders
  A white imp (D:6)
  An ufetubus (D:5)
  2 worms (D:3)
  A dart slug (D:1)
  28 orcs
  4 bats
  11 endoplasms
  A giant cockroach (D:3)
  5 goblins
  11 hobgoblins
  3 jackals
  21 kobolds
  4 quokkas
  3 ball pythons
  4 frilled lizards
  12 rats
228 creatures vanquished.

Notes
Turn   | Place    | Note
-------+----------+-------------------------------------------
     0 | D:1      | Turgor the Demonspawn Gladiator began the quest for the
                  | Orb.
     0 | D:1      | Reached XP level 1. HP: 16/16 MP: 1/1
   217 | D:1      | Gained mutation: You regenerate a little health from kills.
                  | [demonic ancestry]
   217 | D:1      | Reached XP level 2. HP: 16/22 MP: 2/2
   393 | D:1      | Reached skill level 3 in Axes
  1246 | D:2      | Reached XP level 3. HP: 28/28 MP: 3/3
  1590 | D:2      | Reached skill level 1 in Armour
  1871 | D:3      | Noticed an ogre
  1895 | D:3      | Killed an ogre
  1896 | D:3      | Reached XP level 4. HP: 34/34 MP: 4/4
  1896 | D:3      | Reached XP level 5. HP: 40/40 MP: 5/5
  1914 | D:3      | Noticed Natasha
  1934 | D:3      | Killed Natasha
  1940 | D:3      | Reached skill level 4 in Axes
  2243 | D:3      | Found a runed translucent door.
  2244 | D:3      | Noticed Crazy Yiuf
  2266 | D:3      | Noticed Jessica
  2268 | D:3      | Killed Jessica
  2274 | D:3      | Noticed Natasha
  2309 | D:3      | Killed Natasha
  2432 | D:3      | Noticed Natasha
  2442 | D:3      | Killed Natasha
  2443 | D:3      | Gained mutation: You have a pair of small antennae on your
                  | head. [demonic ancestry]
  2443 | D:3      | Reached XP level 6. HP: 20/47 MP: 6/6
  3076 | D:3      | Noticed Grinder
  3090 | D:3      | Killed Grinder
  3091 | D:3      | Reached skill level 5 in Axes
  3091 | D:3      | Reached XP level 7. HP: 25/53 MP: 7/7
  4062 | D:3      | Killed Crazy Yiuf
  4494 | D:4      | Learned a level 4 spell: Dispel Undead
  4564 | D:4      | Found a burning altar of Makhleb.
  4574 | D:4      | Found a hide-covered altar of Uskayaw.
  4576 | D:4      | Found a bloodstained altar of Trog.
  4649 | D:4      | Reached skill level 1 in Necromancy
  4976 | D:4      | Reached skill level 1 in Spellcasting
  5148 | D:4      | Found a staircase to the Ecumenical Temple.
  5154 | Temple   | Entered the Ecumenical Temple
  5433 | Temple   | Became a worshipper of Cheibriados the Contemplative
  5590 | D:5      | Entered Level 5 of the Dungeon
  5720 | D:5      | Reached skill level 6 in Axes
  5720 | D:5      | Gained mutation: You regenerate health from kills. [demonic
                  | ancestry]
  5720 | D:5      | Reached XP level 8. HP: 48/61 MP: 9/9
  6419 | D:5      | Learned a level 3 spell: Lesser Beckoning
  7409 | D:6      | Reached skill level 1 in Translocations
  7600 | D:6      | Reached * piety under Cheibriados
  7601 | D:6      | Reached skill level 5 in Fighting
  7986 | D:6      | Gained mutation: You have a pair of antennae on your head.
                  | [demonic ancestry]
  7986 | D:6      | Reached XP level 9. HP: 17/68 MP: 12/12
  8234 | D:6      | Found a shadowy altar of Dithmenos.
  8354 | D:6      | Noticed Sigmund
  8360 | D:6      | Killed Sigmund
  8361 | D:6      | Reached skill level 7 in Axes
  8601 | D:7      | Reached skill level 5 in Necromancy
  8735 | D:7      | Noticed Dowan
  8742 | D:7      | Killed Dowan
  8742 | D:7      | Reached ** piety under Cheibriados
  9272 | D:7      | Noticed Duvessa
  9277 | D:7      | Killed Duvessa
  9365 | D:7      | Noticed Menkaure
  9372 | D:7      | Killed Menkaure
 10438 | D:8      | Identified the ring "Ulamitoh" {rPois rN+++ Will- Int+6
                  | SInv}
 10511 | D:8      | Learned a level 4 spell: Passage of Golubria
 10782 | D:8      | Reached skill level 5 in Armour
 10786 | D:8      | Paralysed by a hornet for 1 turns
 10995 | D:8      | Gained mutation: When seriously injured, your blood forms
                  | armour. (AC +6) [demonic ancestry]
 10995 | D:8      | Reached XP level 10. HP: 62/77 MP: 12/15
 11097 | D:9      | Noticed a red ugly thing
 11154 | D:9      | Reached *** piety under Cheibriados
 11166 | D:9      | Killed a red ugly thing
 11167 | D:9      | Reached skill level 8 in Axes
 11711 | D:9      | Learned a level 2 spell: Wereblood
 11852 | D:9      | Found a staircase to the Lair.
 11868 | D:9      | Reached **** piety under Cheibriados
 12020 | D:9      | Noticed Prince Ribbit
 12035 | D:9      | Killed Prince Ribbit
 12302 | D:9      | Reached skill level 1 in Invocations
 12622 | D:9      | Paralysed by an orc priest for 5 turns
 12761 | D:10     | Entered Level 10 of the Dungeon
 12761 | D:10     | Noticed a cyclops
 12917 | D:10     | Noticed an orange demon
 12923 | D:10     | Noticed Amaemon
 13051 | D:10     | Noticed Snorg
 13066 | D:10     | Mangled by Snorg

Illustrated notes

Levels and vault maps discovered:
D:1:      lemuel_arrival_lava_pool, layout_loops_ring
D:2:      layout_rooms, minmay_rat_gold_closets
D:3:      layout_loops_ring, amcnicky_mini_rare_corridor_liquid, minmay_vboxes,
          uniq_natasha, uniq_grinder, uniq_jessica, uniq_crazy_yiuf_cottage
D:4:      layout_loops_corners, nicolae_overflow_hidden_temple,
          gammafunk_temple_overflow_claw, minmay_temple_entry_fiery, st_stairs_9
D:5:      layout_basic, chequers_serial_rivers_small_b
D:6:      layout_cave_pools, nicolae_dithmenos_the_darkroom, uniq_sigmund
D:7:      layout_basic, due_unseen_surprise, uniq_duvessa, uniq_menkaure
D:8:      layout_basic, minmay_fractal_squares_gapless_5
D:9:      layout_loops_ring, erik_lair_orcish_takeover, uniq_prince_ribbit1
D:10:     layout_long_grid, nicolae_gozag_seed_capital,
          kennysheep_generic_room_6, uniq_sonja, uniq_snorg, uniq_amaemon,
          uniq_harold
Temple:   compressed_dpeg_triangle_lava_temple

Skill      XL: |  1  2  3  4  5  6  7  8  9 10 |
---------------+-------------------------------+-----
Axes           | 3 4 5 6 7 8 |  8.6
Throwing       | 2 3 |  3.0
Dodging        | 3 |  3.0
Armour         | 1 2 3 4 5 6 |  6.3
Fighting       | 3 4 5 6 7 |  7.5
Necromancy     | 2 4 5 6 |  6.2
Spellcasting   | 1 2 3 4 |  4.0
Translocations | 1 3 |  3.5
Invocations    | 1 |  1.7

Action                   |  1- 3 |  4- 6 |  7- 9 | 10-12 || total
-------------------------+-------+-------+-------+-------++-------
Melee: War axe           |   111 |    86 |   501 |   205 ||   903
       Punch             |       |     2 |     6 |     4 ||    12
 Fire: Sling             |     1 |       |     1 |       ||     2
Throw: Javelin           |     7 |    12 |    26 |    16 ||    61
       Throwing net      |     1 |     3 |     2 |     1 ||     7
       Dart              |       |       |     2 |    11 ||    13
Invok: Bend Time         |       |       |       |     1 ||     1
Evoke: Wand              |       |       |    10 |     4 ||    14
  Use: Scroll            |       |     1 |    11 |     6 ||    18
       Potion            |       |     1 |     9 |     8 ||    18
 Stab: Sleeping          |     6 |       |       |       ||     6
       Invisible         |       |       |     1 |       ||     1
Armor: Leather armour    |    22 |    24 |    10 |       ||    56
       Chain mail        |       |       |   219 |       ||   219
       Ring mail         |       |       |    10 |       ||    10
       Plate armour      |       |       |    41 |   217 ||   258
Dodge: Dodged            |    59 |    48 |   228 |   153 ||   488

Table legend: (Time is in decaauts)
 A = Elapsed time spent in this place.
 B = Non-inter-level travel time spent in this place.
 C = Inter-level travel time spent in this place.
 D = Time resting spent in this place.
 E = Time spent auto-exploring this place.
 F = Levels seen in this place.
 G = Mean time per level.
                   A        B        C        D        E       F      G
               +--------+--------+--------+--------+--------+-----+--------+
         Total |  15025 |  14545 |    480 |   2688 |   8475 |  11 | 1365.9 |
       Dungeon |  14738 |  14258 |    480 |   2688 |   8208 |  10 | 1473.8 |
        Temple |    287 |    287 |      0 |      0 |    267 |   1 |  287.0 |
               +--------+--------+--------+--------+--------+-----+--------+

Top non-repeatable levels by time:
     D:3: 2582 daAuts
     D:9: 2291 daAuts
     D:5: 2177 daAuts
     D:7: 1554 daAuts
     D:6: 1505 daAuts
     D:8: 1444 daAuts
     D:4: 1150 daAuts
     D:1: 910 daAuts
     D:2: 799 daAuts
    D:10: 323 daAuts
  Temple: 287 daAuts
